 Dungeon Crawl Stone Soup version 0.28-a0-465-ge2dae52223 (webtiles) character file.

Game seed: 1090156334181155228

891 nicanaca0 the Basher (level 7, 0/57 HPs)
             Began as a Minotaur Berserker on Sept 14, 2021.
             Was a Priest of Trog.
             Killed from afar by a steam dragon (11 damage)
             ... with a ball of steam
             ... on level 6 of the Dungeon.
             The game lasted 00:08:21 (4979 turns).

nicanaca0 the Basher (Minotaur Berserker)           Turns: 4979, Time: 00:08:21

Health: 0/57       AC: 18    Str: 22    XL:     7   Next: 77%
Magic:  15/15      EV:  6    Int:  6    God:    Trog [***...]
Gold:   280        SH:  5    Dex:  9    Spells: 6/6 levels left

rFire   . . .      SeeInvis .   s - +1 flail (drain)
rCold   . . .      Faith    .   (no shield)
rNeg    . . .      Spirit   .   y - +1 plate armour
rPois   .          Reflect  +   (helmet restricted)
rElec   .          Harm     .   D - +0 cloak
rCorr   .          Rampage  .   w - +0 pair of gloves
Will    .....                   (no boots)
Stlth   ..........              i - amulet of reflection
HPRegen 0.19/turn               B - +4 ring of protection
MPRegen 0.14/turn               z - ring of magical power

@: very slow
A: horns 2, retaliatory headbutt
a: Renounce Religion, Berserk, Trog's Hand


You were on level 6 of the Dungeon.
You worshipped Trog.
Trog was most pleased with you.
You visited 1 branch of the dungeon, and saw 6 of its levels.

You collected 280 gold pieces.

Inventory:

Hand Weapons
 a - a +0 mace
 q - a +0 morningstar
 s - a +1 flail of draining (weapon)
Missiles
 j - 106 stones (quivered)
 p - 17 sling bullets
 r - 4 boomerangs of dispersal
Armour
 w - a +0 pair of gloves (worn)
 y - a +1 plate armour (worn)
 D - a +0 cloak (worn)
Jewellery
 i - an amulet of reflection (around neck)
 v - a ring of ice
 z - a ring of magical power (right hand)
 B - a +4 ring of protection (left hand)
Wands
 k - a wand of paralysis (6)
 F - a wand of mindburst (14)
Scrolls
 b - a scroll of teleportation {@r2}
 d - a scroll of fog {unknown}
 e - 2 scrolls of blinking {@r2}
 f - a scroll of holy word {unknown}
 h - a scroll of amnesia {unknown}
 m - a scroll of enchant armour
 t - a scroll of enchant weapon
 u - a scroll of acquirement {unknown}
 C - a scroll of summoning {unknown}
Potions
 c - a potion of brilliance
 g - a potion of mutation
 l - a potion of flight
 n - a potion of degeneration
 o - a potion of lignification
 x - 2 potions of curing {@q1}
 A - a potion of ambrosia


   Skills:
 - Level 3.6 Fighting
 * Level 9.5 Maces & Flails
 + Level 4.8 Throwing
 - Level 2.4 Armour
 - Level 2.1 Dodging


You had 6 spell levels left.
You didn't know any spells.
Your spell library was empty.

Dungeon Overview and Level Annotations

Branches:
Dungeon (6/15)             Temple (0/1) D:4

Altars:
Qazlal

Shops:
D:5 !![(

Annotations:
D:5 2 transporters


Innate Abilities, Weirdness & Mutations

You have a pair of horns on your head.
You reflexively headbutt those who attack you in melee.


Message History

You are engulfed in a cloud of scalding steam.
You feel the effects of Trog's Hand fading.
You block the giant cockroach's attack. The rat bites you but does no damage.
The giant cockroach splashes around in the water.
The steam dragon bites you.
* * * LOW HITPOINT WARNING * * *
The steam dragon claws you but does no damage.
The rat bites you.
* * * LOW HITPOINT WARNING * * *
The giant cockroach bites you but does no damage.
The rat barely misses you. You furiously retaliate!
You headbutt the rat!
You kill the rat!
Trog accepts your kill. You block the giant cockroach's attack.
The steam dragon bites you but does no damage.
The steam dragon claws you but does no damage.
You closely miss the steam dragon.
Your skin stops crawling.
You feel less strong-willed.
The giant cockroach completely misses you.
The steam dragon bites you.
* * * LOW HITPOINT WARNING * * *
The steam dragon claws you but does no damage.
You thump the steam dragon! You drain the steam dragon.
Your headbutt misses the steam dragon.
The steam dragon is severely wounded.
The giant cockroach bites you but does no damage. x2
The steam dragon barely misses you. x2
You barely miss the steam dragon.
The steam dragon is severely wounded.
The giant cockroach bites you but does no damage.
Your unstable footing causes you to fumble your attack.
The steam dragon bites you but does no damage.
You block the steam dragon's attack. You block the iguana's attack.
The giant cockroach bites you but does no damage.
Your plate armour prevents you from hitting the steam dragon.
Your headbutt misses the steam dragon.
The steam dragon is severely wounded.
The steam dragon breathes steam at you. The ball of steam hits you!
You die...

************
##.,,,,,,,,,**######**
#..***,####,,#......,****
#..*≈###≈l##+.§§....,+,,*
#..*≈+≈≈@Bl≈#§......,**,*
#..*∩+≈≈≈D≈≈#§../...,**,*
#..*≈###≈≈##'.......,**,*
#..###.####§........,**,*
#......!/.l...:.....,**,*
##.#..#####l.)#......>,,,,
#......# ###########,**,*
######†# ########## *,##,,
#.###........# *..+,,


You could see a steam dragon (catching breath, drained), 2 iguanas and a giant
cockroach.

Vanquished Creatures
  A necrophage (D:5)
  An ogre (D:5)
  A scorpion (D:4)
  A water moccasin zombie (D:5)
  A water moccasin skeleton (D:4)
  2 centaur zombies (D:4)
  3 hounds
  4 iguanas
  An orc wizard (D:4)
  A hound skeleton (D:4)
  A howler monkey zombie (D:5)
  4 gnolls (D:4)
  9 adders
  2 shadow imps
  An ufetubus (D:4)
  A worm (D:3)
  A dart slug (D:2)
  19 orcs
  4 endoplasms
  A giant cockroach (D:1)
  7 hobgoblins
  7 kobolds
  2 quokkas
  4 ball pythons
  7 bats
  3 frilled lizards (D:3)
  12 goblins
  7 rats
108 creatures vanquished.

Vanquished Creatures (others)
  A giant cockroach (D:6)
1 creature vanquished.

Grand Total: 109 creatures vanquished

Notes
Turn   | Place    | Note
-------+----------+-------------------------------------------
     0 | D:1      | nicanaca0 the Minotaur Berserker began the quest for the
                  | Orb.
     0 | D:1      | Reached XP level 1. HP: 19/19 MP: 0/0
   194 | D:1      | Reached skill level 4 in Maces & Flails
   279 | D:1      | Reached XP level 2. HP: 26/26 MP: 1/1
   290 | D:1      | Found a faded altar of an unknown god.
   481 | D:2      | Reached skill level 1 in Throwing
   605 | D:2      | Reached XP level 3. HP: 31/31 MP: 2/2
   966 | D:2      | Reached skill level 5 in Maces & Flails
  1204 | D:3      | Reached XP level 4. HP: 23/39 MP: 3/3
  1204 | D:3      | Reached ** piety under Trog
  1686 | D:3      | Found a stormy altar of Qazlal.
  1844 | D:3      | Reached skill level 6 in Maces & Flails
  1883 | D:3      | Reached XP level 5. HP: 45/45 MP: 4/4
  2875 | D:4      | Found a staircase to the Ecumenical Temple.
  3125 | D:4      | Reached skill level 7 in Maces & Flails
  3125 | D:4      | Reached XP level 6. HP: 45/51 MP: 5/5
  4036 | D:5      | Entered Level 5 of the Dungeon
  4036 | D:5      | Found Xeqiuraffe's Distillery.
  4037 | D:5      | Found Nuddu's Distillery.
  4039 | D:5      | Reached skill level 8 in Maces & Flails
  4051 | D:5      | Reached XP level 7. HP: 42/57 MP: 6/6
  4146 | D:5      | Found a transporter.
  4284 | D:5      | Reached *** piety under Trog
  4351 | D:5      | Found Hoxevob's Weapon Emporium.
  4390 | D:5      | Found a transporter.
  4525 | D:5      | Reached skill level 9 in Maces & Flails
  4813 | D:5      | Found Umocsy's Armour Emporium.
  4960 | D:6      | Noticed a steam dragon
  4979 | D:6      | Killed from afar by a steam dragon

Illustrated notes

Levels and vault maps discovered:
D:1:      dpeg_arrival_tiny_h, layout_basic,
          hellmonk_ecumenical_altar_leap_of_faith, st_stairs_3
D:2:      layout_basic
D:3:      minmay_chambers_of_twos, layout_basic, mainiacjoe_overflow_brackets
D:4:      layout_basic, minmay_temple_entry_trees,
          minmay_misc_feat_four_crosses, minmay_goblin_outpost
D:5:      gammafunk_cloud_chamber, layout_rooms, serial_shops,
          nicolae_stop_n_shop_2, nicolae_stop_n_shop_1, kennysheep_mini, shop
D:6:      layout_basic, gup_sewer_entry_bowl, chequers_serial_rivers_small_3,
          hangedman_decor_slide_cut, mrwooster_statue_mirror, glass_columns_c

Skill      XL: |  1  2  3  4  5  6  7 |
---------------+----------------------+-----
Maces & Flails | 4 5 6 7 8 9 |  9.5
Throwing       | 1 2 3 4 |  4.8
Fighting       | |  3.6
Armour         | |  2.4
Dodging        | |  2.1

Action                   |  1- 3 |  4- 6 |  7- 9 || total
-------------------------+-------+-------+-------++-------
Melee: Mace              |    53 |    42 |       ||    95
       Headbutt          |     8 |    18 |    11 ||    37
       Morningstar       |       |    27 |       ||    27
       Flail             |       |    45 |    53 ||    98
Throw: Stone             |    50 |   118 |    50 ||   218
Invok: Trog's Hand       |       |       |     1 ||     1
  Use: Scroll            |       |     1 |    12 ||    13
Armor: Ring mail         |    12 |    13 |       ||    25
       Animal skin       |     1 |       |       ||     1
       Chain mail        |       |    15 |       ||    15
       Plate armour      |       |    28 |    46 ||    74
Dodge: Dodged            |    36 |    39 |    21 ||    96
Block: Other             |    11 |    20 |    14 ||    45
       Reflection        |     2 |     3 |       ||     5

Table legend: (Time is in decaauts)
 A = Elapsed time spent in this place.
 B = Non-inter-level travel time spent in this place.
 C = Inter-level travel time spent in this place.
 D = Time resting spent in this place.
 E = Time spent auto-exploring this place.
 F = Levels seen in this place.
 G = Mean time per level.
                   A        B        C        D        E       F      G
               +--------+--------+--------+--------+--------+-----+--------+
         Total |   4992 |   4535 |    457 |      0 |   3659 |   6 |  832.0 |
       Dungeon |   4992 |   4535 |    457 |      0 |   3659 |   6 |  832.0 |
               +--------+--------+--------+--------+--------+-----+--------+

Top non-repeatable levels by time:
     D:4: 1677 daAuts
     D:3: 1225 daAuts
     D:5: 835 daAuts
     D:2: 673 daAuts
     D:1: 476 daAuts
     D:6: 103 daAuts
